[Event "45th FIDE Womens Olympiad 2024"]
[Site "Budapest"]
[Date "2024.09.13"]
[Round "3.38"]
[White "Garcia Martin, Marta"]
[Black "Arribas Robaina, Maritza"]
[Result "1/2-1/2"]
[ECO "C10"]
[WhiteElo "2318"]
[BlackElo "2143"]
[Annotator "RC"]
[PlyCount "69"]
[EventDate "2024.09.05"]
[EventType "team-tourn"]
[EventCountry "HUN"]
[SourceTitle "playchess.com"]
[Source "ChessBase"]
[SourceQuality "1"]
[WhiteTeam "Spain"]
[BlackTeam "Cuba"]
[WhiteTeamCountry "ESP"]
[BlackTeamCountry "CUB"]
[TimeControl "40/5400+30:1800+30"]

1. e4 e6 2. d4 d5 3. Nc3 Nf6 4. Bg5 dxe4 5. Nxe4 Nbd7 6. Nf3 h6 7. Nxf6+ Nxf6 8. Bh4 Be7 9. Bd3 c5 10. dxc5 Qa5+ 11. c3 Qxc5 12. Qe2 a6 13. O-O-O Bd7 14. Kb1 Bc6 15. Ne5 Nd7 16. Bg3 Nxe5 17. Bxe5 Bf6 18. Bxf6 gxf6 19. Be4 Ke7 20. f4 Rad8 21. Qf3 Rxd1+ 22. Rxd1 Rc8 23. Bxc6 Qxc6 24. Qd3 f5 25. Kc1 Qc7 26. Qg3 Kf8 27. Qh4 Kg7 28. Rd3 Qc4 29. Kc2 Qxa2 30. Rg3+ Kh7 31. Rh3 Qa4+ 32. Kd2 Kg8 33. Rg3+ Kh7 34. Rh3 Kg8 35. Rg3+ 1/2-1/2

[Event "45th FIDE Womens Olympiad 2024"]
[Site "Budapest"]
[Date "2024.09.13"]
[Round "3.39"]
[White "Miranda Llanes, Yerisbel"]
[Black "Vega Gutierrez, Sabrina"]
[Result "0-1"]
[ECO "D41"]
[WhiteElo "2294"]
[BlackElo "2374"]
[Annotator "RC"]
[PlyCount "110"]
[EventDate "2024.09.05"]
[EventType "team-tourn"]
[EventCountry "HUN"]
[SourceTitle "playchess.com"]
[Source "ChessBase"]
[SourceQuality "1"]
[WhiteTeam "Cuba"]
[BlackTeam "Spain"]
[WhiteTeamCountry "CUB"]
[BlackTeamCountry "ESP"]
[TimeControl "40/5400+30:1800+30"]

1. d4 d5 2. c4 e6 3. Nc3 Nf6 4. cxd5 Nxd5 5. e4 Nxc3 6. bxc3 c5 7. Nf3 cxd4 8. cxd4 Bb4+ 9. Bd2 Bxd2+ 10. Qxd2 O-O 11. Bc4 Nd7 12. O-O b6 13. d5 Nc5 14. Rfe1 Bb7 15. Rad1 exd5 16. exd5 Qd6 17. Qd4 Rad8 18. Ne5 a6 19. a3 Rfe8 20. Re3 h6 21. h4 Re7 22. Ba2 b5 23. Ng4 Rxe3 24. Nxe3 Bc8 25. Rc1 Ne6 26. Qb2 Nf8 27. Rc6 Qf4 28. g3 Qf3 29. Qe5 Bd7 30. Rc7 Re8 31. Qf4 Qxf4 32. gxf4 Re4 33. Ra7 Ra4 34. Nc2 Rxf4 35. Rxa6 Rg4+ 36. Kf1 Rxh4 37. Nb4 g6 38. Ke2 h5 39. Bb1 Bg4+ 40. Kd2 Rh2 41. Be4 Rxf2+ 42. Ke3 Re2+ 43. Kd4 h4 44. a4 bxa4 45. Rxa4 f5 46. Bd3 Re1 47. Nc2 h3 48. Bc4 h2 49. Nxe1 h1=Q 50. d6+ Kg7 51. Nd3 Qe4+ 52. Kc3 Qe3 53. Rb4 Bf3 54. Rb5 Nd7 55. Rb1 Be4 0-1

[Event "45th FIDE Womens Olympiad 2024"]
[Site "Budapest"]
[Date "2024.09.13"]
[Round "3.40"]
[White "Matnadze Bujiashvili, Ann"]
[Black "Forgas Moreno, Yaniela"]
[Result "1-0"]
[ECO "E67"]
[WhiteElo "2338"]
[BlackElo "2203"]
[Annotator "RC"]
[PlyCount "97"]
[EventDate "2024.09.05"]
[EventType "team-tourn"]
[EventCountry "HUN"]
[SourceTitle "playchess.com"]
[Source "ChessBase"]
[SourceQuality "1"]
[WhiteTeam "Spain"]
[BlackTeam "Cuba"]
[WhiteTeamCountry "ESP"]
[BlackTeamCountry "CUB"]
[TimeControl "40/5400+30:1800+30"]

1. Nf3 Nf6 2. c4 g6 3. b3 Bg7 4. Bb2 d6 5. g3 O-O 6. d4 Nbd7 7. Bg2 e5 8. Nc3 Re8 9. e3 c6 10. O-O Qc7 11. Rc1 Nf8 12. h3 h5 13. e4 Ne6 14. Nd5 cxd5 15. cxd5 Qd8 16. dxe6 Bxe6 17. dxe5 Nxe4 18. Nd4 d5 19. Nxe6 Rxe6 20. Qe1 Qb6 21. Bxe4 dxe4 22. Qxe4 Rae8 23. Bd4 Qa6 24. f4 Qxa2 25. Qxb7 R6e7 26. Qb5 a6 27. Qc4 Rb7 28. Rf3 Reb8 29. Ra1 Qd2 30. Bf2 Qb2 31. Rxa6 Rxb3 32. Rxb3 Qxb3 33. Qxb3 Rxb3 34. Ra8+ Kh7 35. Kg2 Rb7 36. Re8 Rb5 37. Rc8 g5 38. Kf3 gxf4 39. gxf4 Kg6 40. Ke4 Rb4+ 41. Bd4 Rb1 42. f5+ Kh7 43. Rc7 Kg8 44. Bc3 Rc1 45. f6 Bh6 46. e6 Rc2 47. exf7+ Kh8 48. Kf5 Bf8 49. Rc8 1-0

[Event "45th FIDE Womens Olympiad 2024"]
[Site "Budapest"]
[Date "2024.09.13"]
[Round "3.41"]
[White "Assaubayeva, Bibisara"]
[Black "Newrkla, Katharina"]
[Result "1/2-1/2"]
[ECO "E17"]
[WhiteElo "2482"]
[BlackElo "2208"]
[Annotator "RC"]
[PlyCount "60"]
[EventDate "2024.09.05"]
[EventType "team-tourn"]
[EventCountry "HUN"]
[SourceTitle "playchess.com"]
[Source "ChessBase"]
[SourceQuality "1"]
[WhiteTeam "Kazakhstan"]
[BlackTeam "Austria"]
[WhiteTeamCountry "KAZ"]
[BlackTeamCountry "AUT"]
[TimeControl "40/5400+30:1800+30"]

1. d4 Nf6 2. c4 e6 3. Nf3 b6 4. g3 Bb7 5. Bg2 Be7 6. O-O O-O 7. Re1 d5 8. cxd5 exd5 9. Nc3 Nbd7 10. b3 Ne4 11. Bb2 Ndf6 12. e3 Bb4 13. Rc1 Re8 14. Re2 Nxc3 15. Bxc3 Bxc3 16. Rxc3 Ne4 17. Rc1 c5 18. dxc5 bxc5 19. Nd2 Ba6 20. Re1 Qa5 21. Nxe4 dxe4 22. Rc2 Rad8 23. Qa1 Bd3 24. Qc3 Qb6 25. Rcc1 Qa6 26. Qxc5 Qxa2 27. Ra1 Qxb3 28. Qxa7 Rc8 29. Qa2 Qxa2 30. Rxa2 h5 1/2-1/2

[Event "45th FIDE Womens Olympiad 2024"]
[Site "Budapest"]
[Date "2024.09.13"]
[Round "3.42"]
[White "Exler, Veronika"]
[Black "Kamalidenova, Meruert"]
[Result "1/2-1/2"]
[ECO "B22"]
[WhiteElo "2176"]
[BlackElo "2352"]
[Annotator "RC"]
[PlyCount "66"]
[EventDate "2024.09.05"]
[EventType "team-tourn"]
[EventCountry "HUN"]
[SourceTitle "playchess.com"]
[Source "ChessBase"]
[SourceQuality "1"]
[WhiteTeam "Austria"]
[BlackTeam "Kazakhstan"]
[WhiteTeamCountry "AUT"]
[BlackTeamCountry "KAZ"]
[TimeControl "40/5400+30:1800+30"]

1. e4 c5 2. c3 d5 3. exd5 Nf6 4. d4 Nxd5 5. Nf3 cxd4 6. Qxd4 Nc6 7. Bb5 e6 8. O-O Bd7 9. Qe4 Be7 10. c4 Nf6 11. Qe2 Qc7 12. Nc3 O-O 13. h3 Rad8 14. Bg5 Bc8 15. Rfd1 b6 16. Bh4 Bb7 17. Bg3 Qc8 18. Rxd8 Rxd8 19. Rd1 Rxd1+ 20. Nxd1 Qd8 21. Nc3 Bc5 22. a3 h6 23. Qd2 Nd4 24. Nxd4 Qxd4 25. Bf4 a6 26. Qxd4 Bxd4 27. Ba4 Bxc3 28. bxc3 Ne4 29. Bc7 Nxc3 30. Bd7 Kf8 31. Bd6+ Kg8 32. Bc7 Kf8 33. Bd6+ Kg8 1/2-1/2

[Event "45th FIDE Womens Olympiad 2024"]
[Site "Budapest"]
[Date "2024.09.13"]
[Round "3.43"]
[White "Balabayeva, Xeniya"]
[Black "Schloffer, Jasmin-Denise"]
[Result "1-0"]
[ECO "B13"]
[WhiteElo "2335"]
[BlackElo "2168"]
[Annotator "RC"]
[PlyCount "93"]
[EventDate "2024.09.05"]
[EventType "team-tourn"]
[EventCountry "HUN"]
[SourceTitle "playchess.com"]
[Source "ChessBase"]
[SourceQuality "1"]
[WhiteTeam "Kazakhstan"]
[BlackTeam "Austria"]
[WhiteTeamCountry "KAZ"]
[BlackTeamCountry "AUT"]
[TimeControl "40/5400+30:1800+30"]

1. e4 c6 2. d4 d5 3. exd5 cxd5 4. Bd3 Nc6 5. c3 Qc7 6. Nf3 Bg4 7. O-O e6 8. h3 Bh5 9. Re1 Bd6 10. Nbd2 Nge7 11. Nf1 Bg6 12. Bg5 O-O 13. Bxe7 Nxe7 14. a4 Rab8 15. Ne3 a6 16. Bxg6 Nxg6 17. Qd2 Rfc8 18. a5 Ne7 19. Rec1 Nc6 20. b4 Qe7 21. Re1 Qf8 22. Qd3 Qd8 23. Nd2 Na7 24. Nb3 Nb5 25. Nc5 Rc7 26. Rad1 Qg5 27. c4 dxc4 28. Nxc4 Rd8 29. Nxd6 Rxd6 30. Ne4 Qd8 31. Nxd6 Qxd6 32. d5 e5 33. Qf5 f6 34. Qe6+ Qxe6 35. dxe6 Kf8 36. f4 Ke7 37. fxe5 f5 38. Rd7+ Kxe6 39. Rxc7 Nxc7 40. Rc1 Nd5 41. b5 axb5 42. Rc5 b4 43. Rb5 Kxe5 44. Rxb7 Kd6 45. a6 Kc6 46. Rb8 Nb6 47. a7 1-0

[Event "45th FIDE Womens Olympiad 2024"]
[Site "Budapest"]
[Date "2024.09.13"]
[Round "3.43"]
[White "Henry, Zahidu"]
[Black "Al Nadabi, Yomna"]
[Result "0-1"]
[ECO "D00"]
[WhiteElo "1450"]
[BlackElo "1612"]
[Annotator "NA"]
[PlyCount "74"]
[EventDate "2024.09.05"]
[EventType "team-tourn"]
[EventCountry "HUN"]
[SourceTitle "playchess.com"]
[Source "ChessBase"]
[SourceQuality "1"]
[WhiteTeam "Dominica"]
[BlackTeam "Oman"]
[WhiteTeamCountry "DMA"]
[BlackTeamCountry "OMN"]
[TimeControl "40/5400+30:1800+30"]

1. d4 d5 2. Bf4 Nf6 3. e3 g6 4. Bd3 Bg7 5. h3 a6 6. Nf3 b6 7. Nbd2 Bb7 8. Ne5 O-O 9. g4 Nfd7 10. g5 c5 11. c3 Nc6 12. Ndf3 Ndxe5 13. Nxe5 Nxe5 14. Bxe5 Bxe5 15. dxe5 d4 16. Rh2 dxe3 17. fxe3 f6 18. Rf2 Qd5 19. Bc4 Qxc4 20. Qd7 Qe4 21. Qe6+ Rf7 22. Rd1 Qxe3+ 23. Re2 Qg1+ 24. Kd2 Qxg5+ 25. Kc2 Bf3 26. Rd7 Bxe2 27. Rxe7 Qf5+ 28. Kb3 Bd1+ 29. Ka3 Qxe6 30. Rxe6 b5 31. exf6 a5 32. b3 b4+ 33. Kb2 a4 34. Rd6 Bf3 35. h4 axb3 36. Kxb3 Ra3+ 37. Kb2 Rxc3 0-1

[Event "45th FIDE Womens Olympiad 2024"]
[Site "Budapest"]
[Date "2024.09.13"]
[Round "3.44"]
[White "Hapala, Elisabeth"]
[Black "Kairbekova, Amina"]
[Result "0-1"]
[ECO "B33"]
[WhiteElo "2113"]
[BlackElo "2243"]
[Annotator "RC"]
[PlyCount "70"]
[EventDate "2024.09.05"]
[EventType "team-tourn"]
[EventCountry "HUN"]
[SourceTitle "playchess.com"]
[Source "ChessBase"]
[SourceQuality "1"]
[WhiteTeam "Austria"]
[BlackTeam "Kazakhstan"]
[WhiteTeamCountry "AUT"]
[BlackTeamCountry "KAZ"]
[TimeControl "40/5400+30:1800+30"]

1. e4 c5 2. Nf3 e6 3. d4 cxd4 4. Nxd4 Nf6 5. Nc3 Nc6 6. Ndb5 d6 7. Bf4 e5 8. Bg5 a6 9. Na3 b5 10. Nd5 Be7 11. Bxf6 Bxf6 12. c3 Rb8 13. Nc2 O-O 14. h4 g6 15. g3 Bg7 16. h5 Bb7 17. Nce3 Ne7 18. Qd3 Nxd5 19. Nxd5 Rc8 20. Be2 Rc5 21. b4 Rxd5 22. exd5 e4 23. Qe3 f5 24. hxg6 hxg6 25. Rd1 Qe7 26. c4 bxc4 27. Bxc4 Qe5 28. Bb3 f4 29. gxf4 Rxf4 30. Qh3 Rf5 31. Rc1 a5 32. b5 a4 33. Bd1 e3 34. fxe3 Qb2 35. Rc2 Bc3+ 0-1

[Event "45th FIDE Womens Olympiad 2024"]
[Site "Budapest"]
[Date "2024.09.13"]
[Round "3.45"]
[White "Mihok-Juhasz, Barbara"]
[Black "Mkrtchian, Lilit"]
[Result "1/2-1/2"]
[ECO "C02"]
[WhiteElo "2193"]
[BlackElo "2366"]
[Annotator "RC"]
[PlyCount "100"]
[EventDate "2024.09.05"]
[EventType "team-tourn"]
[EventCountry "HUN"]
[SourceTitle "playchess.com"]
[Source "ChessBase"]
[SourceQuality "1"]
[WhiteTeam "Hungary B"]
[BlackTeam "Armenia"]
[WhiteTeamCountry "HUN"]
[BlackTeamCountry "ARM"]
[TimeControl "40/5400+30:1800+30"]

1. e4 e6 2. d4 d5 3. e5 c5 4. c3 Nc6 5. Nf3 Qb6 6. a3 Bd7 7. b4 cxd4 8. cxd4 Rc8 9. Be3 Nh6 10. Bd3 Ng4 11. O-O Be7 12. Nbd2 Nxe3 13. fxe3 O-O 14. Nb3 Nb8 15. Nc5 Bb5 16. Rb1 Rc7 17. Ne1 Qc6 18. Bxb5 Qxb5 19. a4 Qe8 20. a5 b6 21. axb6 axb6 22. Na4 Qb5 23. Nd3 Nd7 24. Nf4 Ra8 25. Nb2 Qxb4 26. Nbd3 Qa3 27. Qg4 Bf8 28. Rf3 Rc3 29. Nxe6 Rxd3 30. Nxg7 Bxg7 31. Rg3 Qf8 32. Qxd7 Rda3 33. Qxd5 Ra1 34. Rxa1 Rxa1+ 35. Kf2 Qc8 36. Rf3 Qc2+ 37. Kg3 Qg6+ 38. Kf2 Qc2+ 39. Kg3 Qg6+ 40. Kf2 h5 41. e4 Rc1 42. Rg3 Qh6 43. Qd8+ Kh7 44. Rg5 Qc6 45. Rxh5+ Bh6 46. Qf6 Rc2+ 47. Kg3 Rc3+ 48. Kf2 Rc2+ 49. Kg3 Rc3+ 50. Kf2 Rc2+ 1/2-1/2

[Event "45th FIDE Womens Olympiad 2024"]
[Site "Budapest"]
[Date "2024.09.13"]
[Round "3.46"]
[White "Mkrtchyan, Mariam"]
[Black "Lakos, Nikoletta"]
[Result "1-0"]
[ECO "D37"]
[WhiteElo "2328"]
[BlackElo "2192"]
[Annotator "RC"]
[PlyCount "81"]
[EventDate "2024.09.05"]
[EventType "team-tourn"]
[EventCountry "HUN"]
[SourceTitle "playchess.com"]
[Source "ChessBase"]
[SourceQuality "1"]
[WhiteTeam "Armenia"]
[BlackTeam "Hungary B"]
[WhiteTeamCountry "ARM"]
[TimeControl "40/5400+30:1800+30"]

1. d4 d5 2. c4 e6 3. Nf3 Nf6 4. Nc3 Be7 5. Bf4 O-O 6. e3 b6 7. Be2 Bb7 8. O-O c5 9. Rc1 dxc4 10. Bxc4 Ne4 11. Qe2 cxd4 12. Nxe4 Bxe4 13. Nxd4 Bf6 14. Rfd1 Qe7 15. Nb5 e5 16. Bg3 Bc6 17. Nd6 g6 18. h3 a6 19. Qg4 Bd7 20. Qf3 Ra7 21. Bd5 Kg7 22. Ne4 Bf5 23. Nxf6 Qxf6 24. e4 Bc8 25. Qc3 Re7 26. Qa3 a5 27. Rc3 Rd8 28. Rf3 Qd6 29. Bh4 Qxa3 30. Bf6+ Kf8 31. Rxa3 Rd6 32. Bxe7+ Kxe7 33. Rc1 Bd7 34. b4 axb4 35. Ra7 f5 36. f3 b5 37. Rcc7 Kd8 38. Rcb7 Na6 39. Rxd7+ Rxd7 40. Rxa6 fxe4 41. fxe4 1-0

[Event "45th FIDE Womens Olympiad 2024"]
[Site "Budapest"]
[Date "2024.09.13"]
[Round "3.47"]
[White "Demeter, Dorina"]
[Black "Danielian, Elina"]
[Result "0-1"]
[ECO "B06"]
[WhiteElo "2199"]
[BlackElo "2393"]
[Annotator "RC"]
[PlyCount "134"]
[EventDate "2024.09.05"]
[EventType "team-tourn"]
[EventCountry "HUN"]
[SourceTitle "playchess.com"]
[Source "ChessBase"]
[SourceQuality "1"]
[WhiteTeam "Hungary B"]
[BlackTeam "Armenia"]
[WhiteTeamCountry "HUN"]
[BlackTeamCountry "ARM"]
[TimeControl "40/5400+30:1800+30"]

1. Nf3 d6 2. d4 g6 3. e4 Bg7 4. Be2 Nd7 5. O-O e5 6. Nc3 Ngf6 7. Re1 O-O 8. Bc4 c6 9. a4 h6 10. h3 Qc7 11. Ba2 b6 12. Be3 Bb7 13. Qd2 Kh7 14. Rad1 Rad8 15. dxe5 dxe5 16. Qd6 Qc8 17. Qa3 a6 18. Nd2 b5 19. Nb3 Qc7 20. Nc5 Bc8 21. a5 Nxc5 22. Bxc5 Rxd1 23. Nxd1 Re8 24. Nc3 Nh5 25. Bb6 Qb7 26. Ne2 Nf4 27. Qe3 Be6 28. Bxe6 Nxe6 29. b4 Bf8 30. Qd2 Qe7 31. c3 c5 32. bxc5 Nxc5 33. Qd5 Qe6 34. Rd1 Qxd5 35. exd5 Bd6 36. Nc1 Na4 37. Rd3 Nxb6 38. axb6 Rb8 39. Nb3 Rxb6 40. Na5 Rb8 41. Rd1 Kg7 42. Nc6 Ra8 43. Ra1 Kf8 44. Kf1 Ke8 45. Ke2 Kd7 46. Kd3 Bc7 47. Re1 Re8 48. c4 Kd6 49. Rc1 e4+ 50. Kd4 bxc4 51. Kxc4 Bb6 52. Ra1 Ra8 53. Ra2 a5 54. Rb2 Bc7 55. Nd4 Rb8 56. Nb5+ Kd7 57. Re2 f5 58. Nxc7 Kxc7 59. Ra2 Ra8 60. Kc5 a4 61. d6+ Kd7 62. Rb2 a3 63. Rb7+ Ke6 64. Rb1 a2 65. Ra1 Rc8+ 66. Kb6 Rc2 67. Rd1 Kd7 0-1

[Event "45th FIDE Womens Olympiad 2024"]
[Site "Budapest"]
[Date "2024.09.13"]
[Round "3.48"]
[White "Gaboyan, Susanna"]
[Black "Terbe, Zsuzsanna"]
[Result "1/2-1/2"]
[ECO "D11"]
[WhiteElo "2180"]
[BlackElo "2168"]
[Annotator "RC"]
[PlyCount "106"]
[EventDate "2024.09.05"]
[EventType "team-tourn"]
[EventCountry "HUN"]
[SourceTitle "playchess.com"]
[Source "ChessBase"]
[SourceQuality "1"]
[WhiteTeam "Armenia"]
[BlackTeam "Hungary B"]
[WhiteTeamCountry "ARM"]
[BlackTeamCountry "HUN"]
[TimeControl "40/5400+30:1800+30"]

1. Nf3 d5 2. g3 c6 3. Bg2 Bg4 4. O-O Nd7 5. d4 e6 6. b3 Ngf6 7. c4 Be7 8. Bb2 O-O 9. Nbd2 a5 10. Re1 a4 11. e4 dxe4 12. Nxe4 Nxe4 13. Rxe4 Nf6 14. Re3 Qb6 15. h3 Bh5 16. Qe1 Rfd8 17. Bc3 axb3 18. axb3 Rxa1 19. Qxa1 Bb4 20. Bb2 Qa5 21. Qxa5 Bxa5 22. Ne5 Bb6 23. g4 Bg6 24. Nxg6 hxg6 25. Rd3 e5 26. d5 e4 27. Rd1 e3 28. fxe3 Bxe3+ 29. Kf1 cxd5 30. Bxf6 gxf6 31. Bxd5 Rd7 32. b4 Kf8 33. Ke2 Bf4 34. Kf3 Be5 35. Rd3 b6 36. c5 bxc5 37. bxc5 Rc7 38. c6 g5 39. Ra3 Ke7 40. Ra8 Kd6 41. Rd8+ Ke7 42. Ra8 Kd6 43. Be4 Re7 44. Ke3 Kc5 45. Kd3 Kb6 46. Kc4 Ra7 47. Rxa7 Kxa7 48. Kc5 Kb8 49. Bd5 Kc7 50. Bxf7 Bd6+ 51. Kd5 Ba3 52. Be8 Bb2 53. Ke6 Bc3 1/2-1/2

[Event "45th FIDE Womens Olympiad 2024"]
[Site "Budapest"]
[Date "2024.09.13"]
[Round "3.49"]
[White "Stefanova, Antoaneta"]
[Black "Borosova, Zuzana"]
[Result "1-0"]
[ECO "A11"]
[WhiteElo "2416"]
[BlackElo "2205"]
[Annotator "RC"]
[PlyCount "79"]
[EventDate "2024.09.05"]
[EventType "team-tourn"]
[EventCountry "HUN"]
[SourceTitle "playchess.com"]
[Source "ChessBase"]
[SourceQuality "1"]
[WhiteTeam "Bulgaria"]
[BlackTeam "Slovakia"]
[WhiteTeamCountry "BUL"]
[BlackTeamCountry "SVK"]
[TimeControl "40/5400+30:1800+30"]

1. Nf3 Nf6 2. g3 g6 3. c4 c6 4. b3 Bg7 5. Bb2 O-O 6. Bg2 d5 7. O-O Nbd7 8. Qc2 Re8 9. cxd5 cxd5 10. Nd4 a6 11. f4 Nf8 12. Nc3 Ne6 13. Na4 Nxd4 14. Bxd4 Bg4 15. e3 Rc8 16. Qb2 Bf5 17. Rfc1 Nh5 18. Rxc8 Bxc8 19. Rc1 e6 20. Bf3 Bxd4 21. Qxd4 Ng7 22. Qb6 Nf5 23. Qxd8 Rxd8 24. Rc7 Nd6 25. Nb6 Kf8 26. d3 Ke8 27. e4 dxe4 28. dxe4 Bd7 29. e5 Nf5 30. Rxb7 Bb5 31. a4 Bd3 32. Bc6+ Kf8 33. Rd7 Rxd7 34. Nxd7+ Ke7 35. Nc5 Nd4 36. Bb7 Bc2 37. b4 Ne2+ 38. Kf2 Nc3 39. a5 Na2 40. b5 1-0

[Event "45th FIDE Womens Olympiad 2024"]
[Site "Budapest"]
[Date "2024.09.13"]
[Round "3.50"]
[White "Repkova, Eva"]
[Black "Salimova, Nurgyul"]
[Result "1/2-1/2"]
[ECO "D02"]
[WhiteElo "2319"]
[BlackElo "2412"]
[Annotator "RC"]
[PlyCount "211"]
[EventDate "2024.09.05"]
[EventType "team-tourn"]
[EventCountry "HUN"]
[SourceTitle "playchess.com"]
[Source "ChessBase"]
[SourceQuality "1"]
[WhiteTeam "Slovakia"]
[BlackTeam "Bulgaria"]
[WhiteTeamCountry "SVK"]
[BlackTeamCountry "BUL"]
[TimeControl "40/5400+30:1800+30"]

1. d4 d5 2. Nf3 Nf6 3. Bf4 c5 4. e3 Nc6 5. Nbd2 e6 6. c3 Bd6 7. Bg3 O-O 8. Bd3 a5 9. Ne5 c4 10. Bc2 Qc7 11. f4 Ne7 12. Bh4 Ne8 13. O-O f6 14. Qb1 Nf5 15. Nef3 g6 16. Bf2 Nh6 17. h3 Ng7 18. g4 Nf7 19. Bh4 Be7 20. Bg3 f5 21. a4 Bd7 22. Qe1 Qd8 23. Bh4 Bxh4 24. Nxh4 Rb8 25. b3 cxb3 26. Bxb3 b5 27. axb5 Bxb5 28. c4 dxc4 29. Bxc4 Bc6 30. Nb3 Nd6 31. Nxa5 Be4 32. Bb3 g5 33. fxg5 Qxg5 34. Rf4 Kh8 35. Kh2 Rb5 36. Nf3 Qe7 37. Ne5 Rc8 38. Ra2 Qc7 39. Rff2 Nf7 40. Rfc2 Bxc2 41. Rxc2 Qxc2+ 42. Bxc2 Rxc2+ 43. Kg3 Nxe5 44. dxe5 Rc8 45. Qd2 Rd5 46. Qb4 Rxe5 47. Nc6 Rxe3+ 48. Kh4 Re4 49. Qb7 Rf8 50. Qe7 Kg8 51. Qg5 fxg4 52. hxg4 Kh8 53. Nd8 h5 54. Kh3 Rxg4 55. Qh6+ Kg8 56. Nxe6 Rf1 57. Kh2 Rf2+ 58. Kh1 Rf1+ 59. Kh2 Rf2+ 60. Kh1 Nxe6 61. Qxe6+ Rf7 62. Qd5 Kg7 63. Qxh5 Rg6 64. Qe5+ Kh7 65. Qe4 Kh6 66. Qh4+ Kg7 67. Qd4+ Kg8 68. Qd5 Kf8 69. Qd8+ Kg7 70. Qd4+ Rff6 71. Qd7+ Kg8 72. Qd5+ Kh7 73. Qe4 Kg7 74. Qe5 Kh6 75. Qh2+ Kg7 76. Qe5 Kh7 77. Qe4 Kh6 78. Qd4 Rf5 79. Qe3+ Rfg5 80. Kh2 Kh7 81. Qe7+ Rg7 82. Qe4+ Kh8 83. Qe8+ Rg8 84. Qf7 R5g6 85. Qf4 Kh7 86. Qf7+ R8g7 87. Qf5 Kh8 88. Qf8+ Rg8 89. Qf4 Kg7 90. Qe5+ Kh7 91. Qf5 Rh8 92. Qf7+ Kh6 93. Kh3 Rg7 94. Qf6+ Kh7 95. Qe6 Rg6 96. Qf7+ Rg7 97. Qe6 Rhg8 98. Qf5+ Rg6 99. Qf7+ R8g7 100. Qf5 Kh8 101. Qf8+ Rg8 102. Qf4 Kg7 103. Qc7+ Kh8 104. Qf4 Rg3+ 105. Qxg3 Rxg3+ 106. Kxg3 1/2-1/2

[Event "45th FIDE Womens Olympiad 2024"]
[Site "Budapest"]
[Date "2024.09.13"]
[Round "3.51"]
[White "Krasteva, Beloslava"]
[Black "Bochnickova, Simona"]
[Result "1-0"]
[ECO "A24"]
[WhiteElo "2295"]
[BlackElo "2138"]
[Annotator "RC"]
[PlyCount "51"]
[EventDate "2024.09.05"]
[EventType "team-tourn"]
[EventCountry "HUN"]
[SourceTitle "playchess.com"]
[Source "ChessBase"]
[SourceQuality "1"]
[WhiteTeam "Bulgaria"]
[BlackTeam "Slovakia"]
[WhiteTeamCountry "BUL"]
[BlackTeamCountry "SVK"]
[TimeControl "40/5400+30:1800+30"]

1. c4 Nf6 2. Nc3 c5 3. g3 Nc6 4. Bg2 g6 5. e3 Bg7 6. Nge2 O-O 7. O-O e5 8. a3 d6 9. d3 Ne8 10. Rb1 a5 11. Nd5 f5 12. b4 axb4 13. axb4 cxb4 14. Nxb4 Nxb4 15. Rxb4 Nc7 16. Bxb7 Bxb7 17. Rxb7 Ne6 18. Rb1 f4 19. exf4 exf4 20. Nxf4 Nxf4 21. Bxf4 Qd7 22. Qf3 Ra5 23. Rb7 Qa4 24. Rxg7+ Kxg7 25. Bh6+ Kxh6 26. Qxf8+ 1-0

[Event "45th FIDE Womens Olympiad 2024"]
[Site "Budapest"]
[Date "2024.09.13"]
[Round "3.52"]
[White "Walter, Ema"]
[Black "Peycheva, Gergana"]
[Result "1/2-1/2"]
[ECO "B13"]
[WhiteElo "2055"]
[BlackElo "2248"]
[Annotator "RC"]
[PlyCount "102"]
[EventDate "2024.09.05"]
[EventType "team-tourn"]
[EventCountry "HUN"]
[SourceTitle "playchess.com"]
[Source "ChessBase"]
[SourceQuality "1"]
[WhiteTeam "Slovakia"]
[BlackTeam "Bulgaria"]
[WhiteTeamCountry "SVK"]
[BlackTeamCountry "BUL"]
[TimeControl "40/5400+30:1800+30"]

1. e4 c6 2. d4 d5 3. exd5 cxd5 4. Bd3 Nc6 5. c3 e6 6. Nf3 Bd6 7. O-O Nge7 8. Re1 O-O 9. Nbd2 f6 10. c4 Kh8 11. Nf1 Bd7 12. Bd2 Nb4 13. Be2 dxc4 14. Bxc4 Nbd5 15. Rc1 b5 16. Bd3 Qb6 17. Ng3 Rad8 18. Qb3 Nf4 19. Ne4 Nxd3 20. Qxd3 Nf5 21. Nxd6 Qxd6 22. Qe4 Rfe8 23. a3 Qb6 24. Bb4 Bc8 25. Bc5 Qb8 26. Nh4 Bb7 27. Qg4 Nxh4 28. Qxh4 Rd5 29. Rc3 Rg5 30. Rg3 Rxg3 31. Qxg3 Qd8 32. Qd6 Qxd6 33. Bxd6 Rc8 34. Bc5 Bd5 35. b4 Kg8 36. f4 f5 37. Ra1 a6 38. Kf2 Kf7 39. Re1 Rg8 40. h4 h6 41. Re3 g6 42. Rg3 Ra8 43. Bb6 Rc8 44. Bc5 Rg8 45. Bd6 Ra8 46. Rc3 Bc4 47. Bc7 Ke7 48. Rg3 Kf7 49. Rc3 Rg8 50. Rg3 Bd5 51. Bd6 Rc8 1/2-1/2

[Event "45th FIDE Womens Olympiad 2024"]
[Site "Budapest"]
[Date "2024.09.13"]
[Round "3.53"]
[White "Cramling, Pia"]
[Black "Daulyte-Cornette, Deimante"]
[Result "0-1"]
[ECO "D38"]
[WhiteElo "2425"]
[BlackElo "2369"]
[Annotator "RC"]
[PlyCount "78"]
[EventDate "2024.09.05"]
[EventType "team-tourn"]
[EventCountry "HUN"]
[SourceTitle "playchess.com"]
[Source "ChessBase"]
[SourceQuality "1"]
[WhiteTeam "Sweden"]
[BlackTeam "France"]
[WhiteTeamCountry "SWE"]
[BlackTeamCountry "FRA"]
[TimeControl "40/5400+30:1800+30"]

1. d4 Nf6 2. c4 e6 3. Nf3 d5 4. Nc3 Nbd7 5. cxd5 exd5 6. Bg5 Bb4 7. Qa4 c5 8. dxc5 Bxc3+ 9. bxc3 O-O 10. e3 Nxc5 11. Qb4 Nce4 12. Bd3 Nxg5 13. Nxg5 h6 14. Nf3 Qc7 15. O-O Bd7 16. Rab1 b5 17. h3 a6 18. Rb3 Rfe8 19. Rd1 Ne4 20. Bxe4 dxe4 21. Nd4 Re5 22. Ne2 Be6 23. Rb2 Rd8 24. Rd4 Bc4 25. Rbd2 Ree8 26. Nc1 a5 27. Qa3 Rxd4 28. cxd4 Rc8 29. Rc2 Qd8 30. Nb3 Bxb3 31. Qxb3 Rxc2 32. Qxc2 Qd5 33. Kf1 a4 34. Ke1 a3 35. Kd1 b4 36. g4 g6 37. Kc1 Qb5 38. Qd2 Qf1+ 39. Kc2 Qd3+ 0-1

[Event "45th FIDE Womens Olympiad 2024"]
[Site "Budapest"]
[Date "2024.09.13"]
[Round "3.54"]
[White "Guichard, Pauline"]
[Black "Agrest, Inna"]
[Result "0-1"]
[ECO "A13"]
[WhiteElo "2374"]
[BlackElo "2197"]
[Annotator "RC"]
[PlyCount "83"]
[EventDate "2024.09.05"]
[EventType "team-tourn"]
[EventCountry "HUN"]
[SourceTitle "playchess.com"]
[Source "ChessBase"]
[SourceQuality "1"]
[WhiteTeam "France"]
[BlackTeam "Sweden"]
[WhiteTeamCountry "FRA"]
[BlackTeamCountry "SWE"]
[TimeControl "40/5400+30:1800+30"]

1. d4 d5 2. c4 e6 3. Nc3 c5 4. e3 Nf6 5. Nf3 a6 6. b3 Nc6 7. Bb2 Bd6 8. Be2 O-O 9. O-O cxd4 10. exd4 Re8 11. Re1 Bc7 12. Bd3 dxc4 13. bxc4 b5 14. cxb5 Nb4 15. a4 Nxd3 16. Qxd3 Bb7 17. Ne5 axb5 18. Nxb5 Qd5 19. Qh3 Ba5 20. Bc3 Rec8 21. Bxa5 Rxa5 22. Nd3 h6 23. Nc5 Bc6 24. Rab1 Kh8 25. Nb3 Raa8 26. Re5 Qd8 27. Nc5 Bxb5 28. axb5 Qxd4 29. Nd3 Ra3 30. Re3 Nd5 31. Rd1 Nxe3 32. fxe3 Qa4 33. Qf3 Qxb5 34. Nf4 Qe5 35. Re1 Rcc3 36. Kf2 Rc2+ 37. Kg1 Ra1 38. Nd3 Rxe1+ 39. Nxe1 Rc1 40. Kf1 Qb5+ 41. Kf2 Qb2+ 42. Kf1 0-1